 Dungeon Crawl Stone Soup version 0.27.0-1-g7a089689b8 (webtiles) character file.

Game seed: 8120410969022416913

14370 robertstho the Thaumaturge (level 12, -6/76 HPs)
             Began as a Djinni Fire Elementalist on Aug 16, 2021.
             Was an Elder of Hepliaklqana.
             Shot with an arrow by a centaur (11 damage)
             ... on level 12 of the Dungeon.
             The game lasted 00:27:06 (16741 turns).

robertstho the Thaumaturge (DjFE)                  Turns: 16741, Time: 00:27:07

Health: -6/76      AC:  5    Str:  7    XL:     12   Next: 44%
Gold:   404        EV: 14    Int: 26    God:    Hepliaklqana [****..] SH:  0 Dex: 16

rFire    + + +     SeeInvis .   v - +9 staff of Wucad Mu {*channel}
rCold    x . .     Faith    .   (no shield)
rNeg     . . .     Spirit   .   a - +0 robe
rPois    ∞         Reflect  .   n - +0 helmet
rElec    .         Harm     .   k - +0 cloak
rCorr    .         Rampage  .   e - +0 pair of gloves
Will     +....                  (boots unavailable)
Stlth    +++.......             (no amulet)
HPRegen  0.22/turn              i - +6 ring of intelligence
MPRegen  0.00/turn              r - ring of protection from fire

@: flying
A: reduced essence, sickness immunity, fire resistance 2, cold vulnerability 1,
float, innate caster, hp casting, extra vitality 1
a: Renounce Religion, Ancestor Life: Knight, Ancestor Life: Battlemage, Ancestor
Life: Hexer, Recall Ancestor, Ancestor Identity, Transference, Idealise


You were on level 12 of the Dungeon.
You worshipped Hepliaklqana.
Hepliaklqana was greatly pleased with you.
You visited 2 branches of the dungeon, and saw 13 of its levels.
You also visited: Ossuary.

You collected 593 gold pieces.
You spent 189 gold pieces at shops.

Inventory:

Hand Weapons
 f - a +0 short sword
 v - the +9 staff of Wucad Mu (weapon) {*channel}
   (You found it on level 7 of the Dungeon)

   It occasionally powers its wielder's spells, but with a chance of causing
   confusion or draining the wielder's intelligence.
   It becomes more likely to activate and less likely to backfire with increased
   Evocations skill.
Missiles
 E - 3 throwing nets
Armour
 a - a +0 robe (worn)
 e - a +0 pair of gloves (worn)
 k - a +0 cloak (worn)
 n - a +0 helmet (worn)
Jewellery
 i - a +6 ring of intelligence (left hand)
 o - the ring of the Median {rN+ Will+}
   (You took it off a gnoll on level 8 of the Dungeon)

   [ring of positive energy]

   rN:        It protects you from negative energy.
   Will:      It increases your willpower.
 r - a ring of protection from fire (right hand)
 y - a ring of ice
 D - an amulet of faith
 G - a +6 ring of strength
 H - a ring of ice
Wands
 l - a wand of polymorph (4)
 s - a wand of acid (26)
 w - a wand of paralysis (5)
Scrolls
 b - a scroll of immolation {unknown}
 c - a scroll of torment
 g - 3 scrolls of magic mapping
 m - a scroll of blinking
 p - 4 scrolls of enchant armour
 u - a scroll of enchant weapon
 F - a scroll of silence
Potions
 d - 3 potions of ambrosia
 h - 3 potions of curing
 j - a potion of haste
 q - a potion of resistance
 t - 2 potions of brilliance
 x - 2 potions of cancellation {unknown}
 z - a potion of attraction
 A - 4 potions of lignification
 B - a potion of might {unknown}


   Skills:
 * Level 7.3 Fighting
 + Level 1.0 Short Blades
 + Level 0.9 Staves
 + Level 4.5 Dodging
 + Level 3.9 Stealth
 + Level 0.1 Unarmed Combat
 * Level 12.2 Spellcasting
 * Level 5.9 Invocations


You had 5 spell levels left.
You knew the following spells:

 Your Spells              Type           Power      Damage    Failure   Level
a - Foxfire               Conj/Fire      100%       2x1d9     1%          1
b - Conjure Flame         Conj/Fire      68%        6-21      1%          3
c - Inner Flame           Hex/Fire       68%        N/A       1%          3
d - Sticky Flame          Conj/Fire      68%        2d8       1%          4
e - Fireball              Conj/Fire      34%        3d14      1%          5
f - Apportation           Tloc           100%       N/A       1%          1
g - Static Discharge      Conj/Air       68%        N/A       1%          2
h - Lesser Beckoning      Tloc           34%        N/A       1%          3
i - Confusing Touch       Hex            68%        N/A       1%          3
j - Bolt of Magma         Conj/Fire/Erth 34%        4d15      1%          5
Your spell library was empty.

Dungeon Overview and Level Annotations

Branches:
Dungeon (12/15)            Temple (1/1) D:4            Lair (0/6) D:9
    Orc (0/2) D:11        Ossuary (visited)

Altars:
Ashenzari
Cheibriados
Dithmenos
Elyvilon
Fedhas
Gozag
Hepliaklqana
Kikubaaqudgha
Makhleb
Nemelex Xobeh
Okawaru
Qazlal
Ru
Sif Muna
Trog
Uskayaw
Vehumet
Wu Jian
Xom
Yredelemnul
Zin
The Shining One

Shops:
D:1 =*[*   D:2 [   D:3 :(   D:6 *?

Annotations:
D:5 2 transporters, velxir3's ghost, novice DsFi
D:7 1 runed translucent door, ZPRJase's ghost, novice GnWr


Innate Abilities, Weirdness & Mutations

Your life essence is reduced to manifest your ancestor. (-10% HP)
You are immune to sickness and miasma.
You are immune to poison.
Your flesh is very heat resistant. (rF++)
You are vulnerable to cold. (rC-)
You float through the air rather than walking.
You learn spells naturally, not from books.
Your magical power is your life essence.
You have superior vitality. (+4 HP)


Message History

Casting: Fireball (dangerous; 1% risk of failure)
Confirm with . or Enter, or press ? or * to list all spells.
Aiming: Fireball (dangerous; 1% risk of failure)
Press: ? - help, Shift-Dir - straight line, f/p - purple ugly thing
Aim: a purple ugly thing (moderately wounded, ally target) Ælfric avoids your attack.
The fireball explodes!
The fireball engulfs the purple ugly thing!!
The purple ugly thing is severely wounded.
* * * LOW HITPOINT WARNING * * *
Unknown command.
Casting: Fireball (dangerous; 1% risk of failure)
Confirm with . or Enter, or press ? or * to list all spells.
Aiming: Fireball (dangerous; 1% risk of failure)
Press: ? - help, Shift-Dir - straight line, f/p - purple ugly thing
Aim: a purple ugly thing (severely wounded, ally target) Ælfric avoids your attack.
The fireball explodes!
The fireball engulfs the purple ugly thing!!
The purple ugly thing is almost dead. Ælfric avoids your attack.
* * * LOW HITPOINT WARNING * * *
You hear a shout! x2
The purple ugly thing closely misses Ælfric. Ælfric barely misses the purple ugly thing.
Unknown command.
Casting: Fireball (dangerous; 1% risk of failure)
Confirm with . or Enter, or press ? or * to list all spells.
Aiming: Fireball (dangerous; 1% risk of failure)
Press: ? - help, Shift-Dir - straight line, f/p - purple ugly thing
Aim: a purple ugly thing (almost dead, ally target) Ælfric avoids your attack.
The fireball explodes!
The fireball engulfs the purple ugly thing!
You kill the purple ugly thing! Ælfric avoids your attack.
* * * LOW HITPOINT WARNING * * *
Unknown command.
You start resting.
A centaur comes into view.
The centaur wields a +0 shortbow.
The centaur shoots an arrow.
The arrow hits you!
You die...

.. #.#.### #' #..)... ♣
#.## ###'### ♣♣. ..# #..#
♣..#####'## ##.##
#.......# #..# #.......#
###'##### ####....)..####
#.......#
........@R.†..###.......#
####.......##...'.......#
#...)...######.......#
#.......# ##+######
####'#### .c.# #.### #.


You could see the friendly Ælfric the ancestor and a centaur.

Vanquished Creatures
  Harold (D:8)
  2 two-headed ogres
  3 death yaks (D:9)
  Pikel (D:8)
  A manticore (D:11)
  An ugly thing (D:12)
  A cyclops (D:8)
  A troll (D:10)
  A hornet (D:10)
  Prince Ribbit (D:8)
  4 slime creatures
  A meliai zombie (D:10)
  A shadow (D:10)
  A wyvern (D:9)
  9 yaks
  A steam dragon (D:6)
  A human (D:11)
  3 vampire mosquitoes (D:10)
  A water moccasin (D:9)
  An acid dragon (D:9)
  An ice beast (D:7)
  2 floating eyes (D:9)
  2 sky beasts
  3 orc warriors
  A black bear (D:6)
  A necrophage (D:6)
  3 ogres
  6 centaurs (D:9)
  3 kobold brigands
  3 bullfrogs
  A gnoll sergeant (D:10)
  4 scorpions
  4 water moccasin zombies (Ossuary)
  A wyvern zombie (D:7)
  A water moccasin skeleton (D:4)
  A wyvern skeleton (D:7)
  10 killer bees
  4 centaur zombies
  A bullfrog zombie (D:6)
  Crazy Yiuf (D:2)
  A centaur skeleton (D:6)
  2 hounds
  2 gnoll shamans
  4 orc priests
  A jelly (D:6)
  2 iguanas (D:6)
  8 orc wizards
  2 hound skeletons
  2 mummies (Ossuary)
  2 howler monkey zombies (D:9)
  Robin (D:3)
  A howler monkey skeleton (D:5)
  13 gnolls
  4 adders
  A shadow imp (D:5)
  2 ufetubi
  8 adder zombies (Ossuary)
  3 worms (D:2)
  2 dart slugs
  30 orcs
  6 endoplasms
  2 giant cockroaches
  16 goblins
  12 hobgoblins
  14 jackals
  3 quokkas
  2 ball pythons
  4 bats
  6 frilled lizards
  A gnoll zombie (Ossuary)
  6 hobgoblin zombies (Ossuary)
  10 kobolds
  2 kobold zombies (Ossuary)
  3 orc zombies (Ossuary)
  6 rats
273 creatures vanquished.

Vanquished Creatures (collateral kills)
  A centaur zombie (D:10)
  A slime creature (D:9)
  2 yaks
  A steam dragon (D:7)
  A bullfrog (D:7)
  A water moccasin zombie (Ossuary)
  An orc priest (D:8)
  A kobold zombie (Ossuary)
  An orc zombie (Ossuary)
  5 foxfires (D:1)
15 creatures vanquished.

Vanquished Creatures (others)
  8 ancestors
  A shadow imp (D:6)
  979 foxfires
988 creatures vanquished.

Grand Total: 1276 creatures vanquished

Notes
Turn   | Place    | Note
-------+----------+-------------------------------------------
     0 | D:1      | robertstho the Djinni Fire Elementalist began the quest for
                  | the Orb.
     0 | D:1      | Reached XP level 1. HP: 15/15 MP: 0/0
   381 | D:1      | Found Yciwnod's Weapon Shoppe.
   384 | D:1      | Reached XP level 2. HP: 18/21 MP: 0/0
   420 | D:1      | Found Hethe's Assorted Antiques.
   655 | D:1      | Found a faded altar of an unknown god.
   910 | D:1      | Found Boiz's Assorted Antiques.
  1113 | D:1      | Found Nempoe Poacs's Jewellery Emporium.
  1272 | D:1      | Reached skill level 3 in Spellcasting
  1272 | D:1      | Reached XP level 3. HP: 21/26 MP: 0/0
  1272 | D:1      | Learned a level 1 spell: Apportation
  1905 | D:1      | Reached skill level 1 in Fighting
  1976 | D:1      | Found Syorch's Armour Emporium.
  2560 | D:2      | Reached XP level 4. HP: 21/32 MP: 0/0
  3594 | D:2      | Found a runed translucent door.
  3595 | D:2      | Noticed Crazy Yiuf
  3672 | D:2      | Found Xineogun's Armour Shoppe.
  3851 | D:2      | Killed Crazy Yiuf
  3852 | D:2      | Reached XP level 5. HP: 32/37 MP: 0/0
  3852 | D:2      | Learned a level 2 spell: Static Discharge
  3945 | D:3      | Noticed an ogre
  3951 | D:3      | Killed an ogre
  3952 | D:3      | Reached skill level 4 in Spellcasting
  3952 | D:3      | Reached XP level 6. HP: 37/43 MP: 0/0
  4220 | D:3      | Noticed Robin
  4472 | D:3      | Killed Robin
  4586 | D:3      | Found Onatu's Book Emporium.
  4595 | D:3      | Found Ariomnyc's Antique Weapon Shoppe.
  4697 | D:3      | Found a burning altar of Makhleb.
  4697 | D:3      | Noticed a cacodemon
  5112 | D:4      | Reached skill level 5 in Spellcasting
  5112 | D:4      | Reached XP level 7. HP: 44/49 MP: 0/0
  5112 | D:4      | Learned a level 3 spell: Lesser Beckoning
  5249 | D:4      | Found a staircase to the Ecumenical Temple.
  5273 | Temple   | Entered the Ecumenical Temple
  6010 | D:4      | Found an iron altar of Okawaru.
  6014 | D:4      | Found a hazy altar of Hepliaklqana.
  6018 | D:4      | Found an ornate altar of the Wu Jian Council.
  6229 | D:4      | Became a worshipper of Hepliaklqana the Forgotten
  6252 | D:5      | Entered Level 5 of the Dungeon
  6397 | D:5      | Found an opulent altar of Gozag.
  6405 | D:5      | Noticed a yak
  6411 | D:5      | Noticed a yak
  6411 | D:5      | Noticed a yak
  6418 | D:5      | Noticed a yak
  6423 | D:5      | Noticed a yak
  6423 | D:5      | Noticed a yak
  6424 | D:5      | HP: 1/49 [yak (15)]
  6678 | D:5      | Reached skill level 1 in Invocations
  6897 | D:5      | Found a transporter.
  6897 | D:5      | Identified the +9 dire flail "Garrug" {vorpal, rF+}
  6897 | D:5      | Noticed velxir3's ghost (novice DsFi)
  7054 | D:5      | Reached * piety under Hepliaklqana
  7102 | D:5      | Killed a yak
  7103 | D:5      | Reached skill level 6 in Spellcasting
  7103 | D:5      | Reached XP level 8. HP: 38/49 MP: 0/0
  7107 | D:5      | Killed a yak
  7344 | D:5      | Found a transporter.
  7798 | D:6      | Found Zioshrun's Magic Scroll Shoppe.
  7801 | D:6      | Bought a scroll of identify for 28 gold pieces
  7801 | D:6      | Bought 3 scrolls of identify for 84 gold pieces
  7801 | D:6      | Bought a scroll of identify for 28 gold pieces
  7801 | D:6      | Bought a scroll of fear for 49 gold pieces
  7987 | D:6      | Found Cepio's Elemental Accessories.
  8251 | D:6      | Reached skill level 1 in Short Blades
  8452 | D:6      | Reached skill level 7 in Spellcasting
  8455 | D:6      | Reached XP level 9. HP: 24/54 MP: 0/0
  8455 | D:6      | Learned a level 3 spell: Confusing Touch
  8683 | D:6      | Found a basalt altar of Yredelemnul.
  8745 | D:6      | Reached ** piety under Hepliaklqana
  9272 | D:7      | Noticed ZPRJase's ghost (novice GnWr)
  9297 | D:7      | Found the +9 staff of Wucad Mu {*channel}
  9365 | D:7      | Found a sacrificial altar of Ru.
  9408 | D:7      | Found a sand-covered staircase.
  9412 | Ossuary  | Entered an ossuary
 10051 | Ossuary  | Reached skill level 8 in Spellcasting
 10404 | D:7      | Found a broken altar of Ashenzari.
 10585 | D:7      | You are sucked into a shaft and drop 1 floor!
 10586 | D:8      | Noticed Harold
 10587 | D:8      | Paralysed by Harold for 2 turns
 10597 | D:8      | Noticed a two-headed ogre
 10600 | D:8      | Killed a two-headed ogre
 10601 | D:8      | Reached skill level 5 in Fighting
 10601 | D:8      | Reached skill level 9 in Spellcasting
 10601 | D:8      | Reached XP level 10. HP: 15/63 MP: 0/0
 10615 | D:8      | Noticed Pikel
 10616 | D:8      | Noticed Prince Ribbit
 10678 | D:8      | Killed Prince Ribbit
 10984 | D:8      | Killed Pikel
 10985 | D:8      | Noticed a cyclops
 11003 | D:8      | Killed a cyclops
 11339 | D:8      | Identified the ring of the Median {rN+ Will+}
 11478 | D:8      | Paralysed by Harold for 6 turns
 11479 | D:8      | Killed Harold
 11480 | D:8      | Reached skill level 10 in Spellcasting
 11558 | D:8      | Reached XP level 11. HP: 26/68 MP: 0/0
 11558 | D:8      | Learned a level 5 spell: Bolt of Magma
 11820 | D:7      | Found a runed translucent door.
 13434 | D:9      | Reached *** piety under Hepliaklqana
 13447 | D:9      | Noticed a death yak
 13450 | D:9      | Noticed a death yak
 13452 | D:9      | Killed a death yak
 13452 | D:9      | Noticed a death yak
 13453 | D:9      | Reached skill level 11 in Spellcasting
 13456 | D:9      | Killed a death yak
 13482 | D:9      | Killed a death yak
 13483 | D:9      | Reached skill level 5 in Invocations
 14408 | D:9      | Found a staircase to the Lair.
 14773 | D:9      | Reached XP level 12. HP: 60/75 MP: 0/0
 15272 | D:10     | Entered Level 10 of the Dungeon
 16310 | D:11     | Reached **** piety under Hepliaklqana
 16319 | D:11     | Noticed an ogre mage
 16321 | D:11     | Noticed a two-headed ogre
 16323 | D:11     | Reached skill level 12 in Spellcasting
 16326 | D:11     | Killed a two-headed ogre
 16332 | D:11     | Noticed a two-headed ogre
 16340 | D:11     | Noticed a two-headed ogre
 16350 | D:11     | Identified the +5 war axe of the Mushroom {venom, rPois
                  | Dex+5}
 16351 | D:11     | Found a staircase to the Orcish Mines.
 16354 | D:11     | Noticed a two-headed ogre
 16741 | D:12     | Shot with an arrow by a centaur

Illustrated notes

Levels and vault maps discovered:
D:1:      dpeg_arrival_morbid_curiosity, layout_basic, serial_forest,
          infiniplex_forest_clump_cross, infiniplex_forest_straight_5,
          infiniplex_forest_lined_2, infiniplex_forest_lined_room_2,
          infiniplex_forest_straight_4, infiniplex_forest_lined_3_way,
          infiniplex_forest_straight_4,
          shapermc_ecumenical_altar_mp_urbaneastern, serial_shops,
          shop_fountains, shop_fountains, nicolae_shop_crystal, shop_statue,
          shop, minmay_quantized
D:2:      layout_basic, serial_shops, nicolae_shop_stone,
          roderic_nine_men_s_morris, uniq_crazy_yiuf_cottage
D:3:      layout_loops_ring, makhleb_altar_promises_db, serial_shops, shop,
          nicolae_shop_statue_plus, uniq_robin
D:4:      layout_gridville, grunt_temple_overflow_diamond,
          minmay_temple_entry_proselytizer
D:5:      layout_basic, mainiacjoe_overflow_paths, lemuel_tele_altar,
          gammafunk_ghost_smash
D:6:      layout_cave_pods, yredelemnul_altar_generic, serial_shops,
          nicolae_stop_n_shop_1, hangedman_decor_opposing,
          nicolae_elemental_shop
D:7:      layout_gridville, mainiacjoe_overflow_brackets, old_standard_altar,
          cheibrodos_ashenzari_chains, hellmonk_ghost_happy_afterlife,
          enter_ossuary_5, st_stairs_12
D:8:      layout_rooms, serial_glass, glass_columns_b, glass_columns_a,
          hex_intersection, uniq_pikel, uniq_harold, uniq_prince_ribbit1
D:9:      layout_irregular_city, dpeg_lair_monsters, onia_ninara_cookie
D:10:     layout_roguey
D:11:     layout_loops_ring, erik_orc_4, hangedman_abyss_or_decor_stagger,
          uniq_erolcha
D:12:     layout_roguey, minmay_misc_feat_pillars, nrook_campfire
Temple:   minmay_temple_forest_path

Skill      XL: |  1  2  3  4  5  6  7  8  9 10 11 12 |
---------------+-------------------------------------+-----
Spellcasting   | 3 4 5 6 7 9 10 11 12 | 12.2
Fighting       | 1 2 3 5 6 7 |  7.3
Stealth        | 2 3 |  3.9
Invocations    | 1 2 3 4 5 |  5.9
Short Blades   | 1 |  1.0
Dodging        | 3 4 |  4.5
Staves         | |  0.9
Unarmed Combat | |  0.1

Action                   |  1- 3 |  4- 6 |  7- 9 | 10-12 || total
-------------------------+-------+-------+-------+-------++-------
Melee: Short sword       |       |     6 |     7 |       ||    13
       Unarmed           |       |     1 |       |       ||     1
       Staff             |       |       |     4 |    12 ||    16
 Cast: Foxfire           |   123 |   125 |   263 |    92 ||   603
       Sticky Flame      |       |     1 |    18 |    23 ||    42
       Fireball          |       |       |     7 |    96 ||   103
       Conjure Flame     |       |       |       |     1 ||     1
Invok: Recall Ancestor   |       |       |       |     2 ||     2
  Use: Scroll            |     2 |     2 |    13 |     8 ||    25
       Potion            |       |     1 |     4 |     7 ||    12
Armor: Robe              |     2 |    14 |     7 |    21 ||    44
       Skin              |       |     2 |       |       ||     2
Dodge: Dodged            |     4 |    30 |    27 |    63 ||   124
